 Dungeon Crawl Stone Soup version 0.21.1-1-g345015f (webtiles) character file.

9210 JeffiDaFish the Fighter (level 11, 0/82 HPs)
             Began as a Demonspawn Chaos Knight on Feb 23, 2018.
             Succumbed to a black mamba's poison
             ... on level 1 of the Lair of Beasts.
             The game lasted 00:25:37 (10822 turns).

JeffiDaFish the Fighter (Demonspawn Chaos Knight)  Turns: 10822, Time: 00:25:37

Health: 0/82       AC: 19    Str: 22    XL:     11   Next: 20%
Magic:  2/11       EV: 10    Int: 13    God:    Xom [..*...]
Gold:   337        SH:  0    Dex: 16    Spells: 6/10 levels left

rFire    + . .     SeeInvis .   f - +1 long sword of the Enchanted Forest {venom, Str+2}
rCold    + . .     Gourm    .   (no shield)
rNeg     . . .     Faith    .   m - +1 plate armour
rPois    +         Spirit   +   C - +2 hat {MR+}
rElec    +         Reflect  .   w - +1 cloak {+Inv}
rCorr    .         Harm     .   j - +0 pair of gloves
MR       +....     Clarity  +   (no boots) Stlth ..........Rnd*Tele +
                                s - amulet of rage
HPRegen  0.23/turn              i - ring of wizardry
MPRegen  0.12/turn              k - ring of poison resistance

@: mighty, lethally poisoned (0 -> -9), hasted, very quick
A: antennae 1, iridescent scales 2, agile 1, clarity, cold resistance 1,
deformed body, fire resistance 1, frail 1, shaggy fur 1, electricity resistance,
teleportitis 1, evolution 1, magic shield, flame cloud immunity
a: Renounce Religion, Evoke Berserk Rage, Evoke Invisibility


You were on level 1 of the Lair of Beasts.
You worshipped Xom.
You were a toy of Xom.
You were not hungry.

You visited 2 branches of the dungeon, and saw 10 of its levels.

You collected 583 gold pieces.
You spent 246 gold pieces at shops.

Inventory:

Hand Weapons
 f - the +1 long sword of the Enchanted Forest (weapon) {venom, Str+2}
   (You bought it in a shop on level 4 of the Dungeon)

   It poisons the flesh of those it strikes.
   It affects your strength (+2).
 n - the cursed +3 hand axe "Vyukk" {chop, rF++ MR+ Int-3 Dex+3}
   (You found it on level 4 of the Dungeon)

   It inflicts extra damage upon your enemies.
   It affects your intelligence (-3).
   It affects your dexterity (+3).
   It greatly protects you from fire.
   It affects your resistance to hostile enchantments.
   It has a curse placed upon it.
Armour
 j - a +0 pair of gloves (worn)
 m - a +1 plate armour (worn)
 o - a scarf of cloud immunity
 w - a +1 cloak of invisibility (worn)
 C - a +2 hat of magic resistance (worn)
Jewellery
 i - a ring of wizardry (left hand)
 k - a ring of poison resistance (right hand)
 s - an amulet of rage (around neck)
Wands
 p - a wand of polymorph (3)
 q - a wand of paralysis (7)
 t - a wand of enslavement (14)
Scrolls
 a - 4 scrolls of remove curse
 b - 4 scrolls of identify
 e - 4 scrolls of teleportation
 r - a scroll of magic mapping
 u - a scroll of fog
 v - a scroll of enchant weapon
Potions
 d - 4 potions of brilliance
 z - a potion of flight
Books
 g - a book of Flames

   Spells                             Type                      Level
   a - Flame Tongue                   Conjuration/Fire             1
   b - Throw Flame                    Conjuration/Fire             2
   c - Conjure Flame                  Conjuration/Fire             3
   d - Inner Flame                    Hexes/Fire                   3
   e - Sticky Flame                   Conjuration/Fire             4
   f - Fireball                       Conjuration/Fire             5
 y - a book of Debilitation

   Spells                             Type                      Level
   a - Corona                         Hexes                        1
   b - Slow                           Hexes                        2
   c - Inner Flame                    Hexes/Fire                   3
   d - Portal Projectile              Hexes/Translocation          3
   e - Cause Fear                     Hexes                        4
   f - Leda's Liquefaction            Hexes/Earth                  4
Comestibles
 c - 21 rations


   Skills:
 * Level 10.6 Fighting
 * Level 9.9 Long Blades
 + Level 6.7 Armour
 + Level 6.4 Dodging


You had 6 spell levels left.
You knew the following spells:

 Your Spells              Type           Power        Failure   Level  Hunger
a - Sticky Flame          Conj/Fire      #.......     100%        4    #####..


Dungeon Overview and Level Annotations

Branches:
Dungeon (9/15)             Temple (0/1) D:4            Lair (1/6) D:8
    Orc: D:9-12

Altars:
Gozag
Makhleb
Uskayaw
Vehumet
Xom

Shops:
D:4 (


Innate Abilities, Weirdness & Mutations

You have a pair of small antennae on your head.
You are mostly covered in iridescent scales. (AC +4)
Your flesh is heat resistant. (rF+)
When hurt, damage is shared between your health and your magic reserves.
You are immune to clouds of flame.
You are agile. (Dex +2)
You possess an exceptional clarity of mind.
Your flesh is cold resistant. (rC+)
Armour fits poorly on your strangely shaped body.
You are frail. (-10% HP)
You are covered in fur. (AC +1)
You are resistant to electric shocks. (rElec)
You are occasionally teleported next to monsters.
You evolve.


Message History

The yak is moderately wounded.
* * * LOW HITPOINT WARNING * * *
You feel sick.
The black mamba bites you but does no damage.
The yak barely misses you. x2; You riposte.
You hit the yak.
The yak is poisoned.
The yak is lightly wounded.
* * * LOW HITPOINT WARNING * * *
You feel sick. The yak gores you but does no damage.
The black mamba barely misses you.
* * * LOW HITPOINT WARNING * * *
You feel sick.
* * * LOW HITPOINT WARNING * * *
You feel sick.
* * * LOW HITPOINT WARNING * * *
You feel sick.
You barely miss the black mamba.
The black mamba is moderately wounded.
You die...
Xom chortles!

............. ............ .
........... .. .........##P.#
#.......#....
####+##............ ...
......##....PY............ .S
#.F...##..@S.Y.......#
...........H##....#.Y......#
......#.....#P....+..Y§§...#
............##....#..Y.....#
......#.....##.#.###.†.....#
#.##..#.....###.## #.......#
...).......................#
.............................
..............................


You could see a black mamba and 4 yaks.

Vanquished Creatures
  Gastronok (Lair:1)
  A deep elf mage (D:6)
  The ghost of fourfacedrat the Stinger, a novice OpVM (D:5)
  A rime drake (Lair:1)
  A komodo dragon (Lair:1)
  2 dream sheep (D:8)
  The ghost of Aldia the Slasher, an amateur MiFi (D:4)
  9 yaks
  Menkaure (D:6)
  3 water moccasins
  A porcupine (D:8)
  4 orc warriors
  3 black bears
  A sky beast (D:7)
  A necrophage (D:8)
  3 ogres (D:4)
  4 wolves (Lair:1)
  4 centaurs
  3 big kobolds (D:8)
  5 bullfrogs
  A scorpion (shapeshifter) (D:3)
  3 scorpions
  3 wights (D:6)
  2 howler monkeys (D:9)
  2 crimson imps (D:9)
  A bullfrog zombie (D:8)
  2 bullfrog skeletons
  Crazy Yiuf (D:6)
  3 orc priests (D:6)
  A jelly (D:5)
  10 orc wizards
  An iguana (D:8)
  3 centaur skeletons
  Natasha (twice) (D:2)
  5 worker ants
  A hound skeleton (D:4)
  2 worker ant zombies
  9 gnolls
  A gnoll (shapeshifter) (D:1)
  9 adders
  A shadow imp (D:8)
  3 oozes
  An adder skeleton (D:4)
  5 dart slugs
  2 leopard geckos
  28 orcs
  4 bats
  3 giant cockroaches
  7 goblins
  12 hobgoblins
  9 jackals
  5 quokkas
  2 ball pythons
  A frilled lizard (D:1)
  5 kobolds
  A leopard gecko zombie (D:8)
  8 rats
209 creatures vanquished.

Vanquished Creatures (collateral kills)
  An ogre (D:4)
  2 wights (D:6)
3 creatures vanquished.

Vanquished Creatures (others)
  A phantom (D:9)
  A crimson imp (D:5)
  2 fungi (Lair:1)
  A plant (D:8)
5 creatures vanquished.

Grand Total: 217 creatures vanquished

Notes
Turn   | Place    | Note
-------+----------+-------------------------------------------
     0 | D:1      | JeffiDaFish the Demonspawn Chaos Knight began the quest for the Orb.
     0 | D:1      | Reached XP level 1. HP: 18/18 MP: 1/1
    31 | D:1      | XOM: smoke on damage
   116 | D:1      | Gained mutation: You have a pair of small antennae on your head. [demonic ancestry]
   116 | D:1      | Reached XP level 2. HP: 24/24 MP: 2/2
   238 | D:1      | Reached skill level 1 in Dodging
   258 | D:1      | XOM: potion effect (brilliance)
   264 | D:1      | Gained mutation: You are partially covered in iridescent scales. (AC +2) [demonic ancestry]
   264 | D:1      | Reached XP level 3. HP: 21/29 MP: 3/3
   960 | D:1      | XOM: divination: detect items
  1293 | D:2      | XOM: cast spell 'Summon Butterflies'
  1302 | D:2      | Gained mutation: When hurt, damage is shared between your health and your magic reserves. [demonic ancestry]
  1302 | D:2      | Reached XP level 4. HP: 34/37 MP: 4/4
  1604 | D:2      | Noticed Natasha
  1612 | D:2      | Killed Natasha
  1612 | D:2      | Reached skill level 4 in Fighting
  1726 | D:2      | XOM: noise
  1773 | D:2      | Gained mutation: You are mostly covered in iridescent scales. (AC +4) [demonic ancestry]
  1773 | D:2      | Reached XP level 5. HP: 26/42 MP: 5/5
  2215 | D:2      | Noticed Natasha
  2224 | D:2      | Killed Natasha
  2549 | D:3      | Reached XP level 6. HP: 39/49 MP: 6/6
  2952 | D:4      | Found Mievumix's Antique Weapon Boutique.
  2966 | D:4      | XOM: divination: magic mapping
  3004 | D:4      | Reached skill level 5 in Fighting
  3074 | D:4      | XOM: cloud trail
  3103 | D:4      | Reached XP level 7. HP: 7/56 MP: 1/7
  3341 | D:4      | Noticed Aldia's ghost (amateur MiFi)
  3354 | D:4      | XOM: enchant monster (good)
  3375 | D:4      | Killed Aldia's ghost
  3375 | D:4      | Reached skill level 5 in Long Blades
  3648 | D:4      | XOM: scenery: create altars
  3705 | D:4      | Found a staircase to the Ecumenical Temple.
  3725 | D:4      | XOM: noise
  3741 | D:4      | Identified the cursed +3 hand axe "Vyukk" {chop, rF++ MR+ Int-3 Dex+3} (You found it on level 4 of the Dungeon)
  3800 | D:4      | XOM: summons 3 friendly demons
  4099 | D:4      | XOM: give mutations
  4099 | D:4      | Gained mutation: You can translocate small distances at will. [Xom's grace]
  4099 | D:4      | Gained mutation: Your muscles are strong. (Str +2) [Xom's grace]
  4108 | D:4      | Reached skill level 6 in Fighting
  4357 | D:5      | Entered Level 5 of the Dungeon
  4361 | D:5      | Reached XP level 8. HP: 59/64 MP: 8/8
  4407 | D:5      | Learned a level 4 spell: Sticky Flame
  4579 | D:5      | XOM: 7-stop teleportation journey
  4608 | D:5      | Noticed fourfacedrat's ghost (novice OpVM)
  4623 | D:5      | XOM: confuse monster(s)
  4648 | D:5      | Killed fourfacedrat's ghost
  4970 | D:6      | XOM: stealth player
  5002 | D:6      | Reached skill level 7 in Fighting
  5290 | D:4      | Bought a bloodstained long sword for 246 gold pieces
  5290 | D:4      | Identified the cursed +1 long sword of the Enchanted Forest {venom, Str+2} (You bought it in a shop on level 4 of the Dungeon)
  5356 | D:6      | Lost mutation: Your muscles are strong. (Str +2) [potion of mutation]
  5356 | D:6      | Lost mutation: You can translocate small distances at will. [potion of mutation]
  5356 | D:6      | Gained mutation: You are frail. (-10% HP) [potion of mutation]
  5356 | D:6      | Gained mutation: You are agile. (Dex +2) [potion of mutation]
  5356 | D:6      | Gained mutation: You have sharp toenails. [potion of mutation]
  5492 | D:6      | Noticed Menkaure
  5495 | D:6      | Killed Menkaure
  5525 | D:6      | XOM: 5-stop teleportation journey
  5532 | D:6      | Reached XP level 9. HP: 63/64 MP: 9/9
  5553 | D:6      | XOM: cleaving
  5746 | D:6      | Noticed a deep elf mage
  5750 | D:6      | XOM: fake destruction
  5755 | D:6      | Killed a deep elf mage
  5755 | D:6      | Reached skill level 8 in Fighting
  5755 | D:6      | Reached skill level 5 in Armour
  5958 | D:6      | XOM: god gift: 40 gold pieces
  6133 | D:6      | Found a runed door.
  6137 | D:6      | Noticed Crazy Yiuf
  6143 | D:6      | Killed Crazy Yiuf
  6323 | D:7      | XOM: scenery: create altars
  6325 | D:7      | XOM: cast spell 'Metabolic Englaciation'
  6420 | D:7      | XOM: harmless Chrm miscast
  6424 | D:7      | XOM: potion effect (agility)
  6426 | D:7      | Reached skill level 5 in Dodging
  6590 | D:7      | XOM: potion effect (haste)
  6650 | D:7      | Gained mutation: Your flesh is heat resistant. (rF+) [demonic ancestry]
  6650 | D:7      | Reached XP level 10. HP: 66/73 MP: 8/10
  6784 | D:7      | XOM: noise
  7029 | D:8      | Found a hide-covered altar of Uskayaw.
  7087 | D:8      | Reached skill level 9 in Fighting
  7204 | D:8      | XOM: harmless Tloc miscast
  7302 | D:8      | XOM: harmless Tmut miscast
  7667 | D:8      | Found a staircase to the Lair.
  7667 | D:8      | XOM: swap monsters
  7811 | D:8      | XOM: enchant monster (bad)
  7814 | D:8      | XOM: summons friendly ufetubus
  7815 | D:8      | XOM: enchant monster (bad)
  7980 | D:8      | Noticed a three-headed hydra
  8002 | D:8      | XOM: draining
  8004 | D:8      | XOM: scenery: create altars
  8023 | D:8      | XOM: chaos upgrade
  8032 | D:8      | XOM: enchant monster (bad)
  8169 | D:7      | XOM: medium Tloc miscast
  9022 | D:9      | Found a radiant altar of Vehumet.
  9022 | D:9      | Found a faded altar of an unknown god.
  9027 | D:9      | Found a faded altar of an unknown god.
  9029 | D:9      | Found an opulent altar of Gozag.
  9031 | D:9      | Found a burning altar of Makhleb.
  9108 | D:9      | XOM: medium Tloc miscast
  9306 | D:9      | XOM: stat loss: -1 Str (16/17)
  9385 | D:9      | XOM: give mutations
  9385 | D:9      | Gained mutation: Armour fits poorly on your strangely shaped body. [Xom's mischief]
  9385 | D:9      | Gained mutation: You are covered in fur. (AC +1) [Xom's mischief]
  9385 | D:9      | Gained mutation: You evolve. [Xom's mischief]
  9385 | D:9      | Gained mutation: You are occasionally teleported next to monsters. [Xom's mischief]
  9386 | D:9      | Lost mutation: You have sharp toenails. [potion of mutation]
  9386 | D:9      | Gained mutation: You possess an exceptional clarity of mind. [potion of mutation]
  9386 | D:9      | Gained mutation: You are resistant to electric shocks. (rElec) [potion of mutation]
  9497 | D:9      | XOM: medium Conj miscast
  9678 | D:9      | Gained mutation: Your flesh is cold resistant. (rC+) [evolution]
 10119 | Lair:1   | Entered Level 1 of the Lair of Beasts
 10164 | Lair:1   | XOM: blink monster(s)
 10173 | Lair:1   | Reached skill level 10 in Fighting
 10389 | Lair:1   | XOM: mild Ice miscast
 10491 | Lair:1   | Noticed Gastronok
 10495 | Lair:1   | XOM: potion effect (berserk rage)
 10511 | Lair:1   | Killed Gastronok
 10511 | Lair:1   | Gained mutation: You are immune to clouds of flame. [demonic ancestry]
 10511 | Lair:1   | Reached XP level 11. HP: 81/81 MP: 8/11
 10529 | Lair:1   | XOM: mild Summ miscast
 10599 | Lair:1   | XOM: divination: detect items
 10809 | Lair:1   | XOM: smoke on damage
 10814 | Lair:1   | XOM: potion effect (might)
 10816 | Lair:1   | HP: 4/82 [poisoned by a black mamba]
 10821 | Lair:1   | HP: 1/82 [poisoned by a black mamba]
 10822 | Lair:1   | Succumbed to a black mamba's poison

Skill      XL: |  1  2  3  4  5  6  7  8  9 10 |
---------------+-------------------------------+-----
Long Blades    | 3 4 5 6 8 9 |  9.9
Armour         | 2 3 4 5 6 |  6.7
Dodging        | 1 2 3 4 5 6 |  6.4
Fighting       | 4 5 6 7 8 10 | 10.6

Action                   |  1- 3 |  4- 6 |  7- 9 | 10-12 || total
-------------------------+-------+-------+-------+-------++-------
Melee: Falchion          |    86 |   222 |   183 |       ||   491
       Long sword        |       |       |   132 |   300 ||   432
       Kick              |       |       |    51 |    77 ||   128
Evoke: Wand              |       |       |       |    10 ||    10
  Use: Scroll            |     5 |     4 |     5 |     5 ||    19
       Potion            |     2 |     1 |     4 |     6 ||    13
 Stab: Distracted        |     1 |       |     2 |       ||     3
       Paralysed         |       |     1 |     2 |       ||     3
       Confused          |       |       |     2 |       ||     2
  Eat: Chunk             |     1 |     7 |    11 |    10 ||    29
       Ration            |       |       |       |     1 ||     1
Armor: Leather armour    |    33 |    59 |       |       ||    92
       Plate armour      |       |    35 |   204 |   250 ||   489
Dodge: Dodged            |    67 |   125 |    73 |   137 ||   402
       Rpst.: Falchion   |    22 |    36 |     9 |       ||    67
       Long sword        |       |       |    16 |    45 ||    61
